 Dungeon Crawl Stone Soup version 0.31-a0-963-ga325b2283a (webtiles) character file.

Game seed: 12619810748574037089

2932 LeprechaunX the Changeling (level 9, -3/54 HPs)
             Began as an Octopode Shapeshifter on Oct 25, 2023.
             Was a Believer of Hepliaklqana.
             Slain by a wolf (11 damage)
             ... led by Grum
             ... on level 8 of the Dungeon.
             The game lasted 00:11:51 (7549 turns).

LeprechaunX the Changeling (Octopode Shapeshifter)  Turns: 7549, Time: 00:11:52

Health: -3/54      AC:  1    Str: 16    XL:     9   Next: 80%
Magic:  9/9        EV: 13    Int: 12    God:    Hepliaklqana [**....]
Gold:   395        SH: 12    Dex: 13    Spells: 8/8 levels left

rFire   . .          .
                       - Unarmed
rCold   . . .        o - +2 buckler
rNeg    . . .        (helmet currently unavailable)
rPois   .            u - amulet of reflection
rElec   .            k - ring of see invisible
rCorr   .            (no ring)
SInv    +            (no ring)
Will    .....        (no ring)
Stlth   ++           (no ring)
HPRegen 0.29/turn    (no ring)
MPRegen 0.11/turn    (no ring)
                     (no ring)

%: reflection
@: beast-form
A: beast (slay +4), reduced essence, almost no armour, amphibious, 8 rings,
camouflage 1, gelatinous body 1, (nimble swimmer 1), tentacles
a: Begin Untransformation, Renounce Religion, Recall Ancestor, Ancestor Identity


You were on level 8 of the Dungeon.
You worshipped Hepliaklqana.
Hepliaklqana was pleased with you.
You were a hulking beast.
You visited 2 branches of the dungeon, and saw 9 of its levels.

You collected 417 gold pieces.
You spent 22 gold pieces at shops.

Inventory:

Hand Weapons
 a - a +1 hand cannon
Armour
 o - a +2 buckler (worn)
Jewellery
 k - a ring of see invisible (left tentacle)
 u - an amulet of reflection (around mantle)
Talismans
 b - a beast talisman
 c - a flux talisman
Wands
 p - a wand of polymorph (10)
Scrolls
 f - a scroll of amnesia {unknown}
 g - a scroll of poison
 l - 2 scrolls of immolation {unknown}
 n - 2 scrolls of revelation
 r - 3 scrolls of enchant armour
 w - a scroll of blinking {unknown}
 x - 2 scrolls of teleportation {unknown}
 y - 2 scrolls of noise {unknown}
 z - a scroll of brand weapon {unknown}
 A - 3 scrolls of identify
Potions
 d - a potion of lignification
 e - 4 potions of curing
 h - a potion of degeneration {unknown}
 i - 3 potions of mutation {unknown}
 j - 3 potions of might
 m - 3 potions of enlightenment
 q - a potion of heal wounds
 s - 2 potions of ambrosia {unknown}
 t - a potion of berserk rage {unknown}
 v - 2 potions of magic {unknown}


   Skills:
 + Level 5.2 Fighting
 - Level 5.0 Ranged Weapons
 - Level 2.0 Dodging
 + Level 3.9 Shields
 - Level 6.0 Unarmed Combat
 + Level 4.4 Evocations
 * Level 7.6 Shapeshifting


You had 8 spell levels left.
You didn't know any spells.
Your spell library contained the following spells:

 Spells                   Type           Power      Damage    Failure   Level
 Cigotuvi's Dreadful Rot  Necr/Pois/Air  0%         N/A       54%         2
 Wereblood                Tmut           0%         N/A       54%         2
 Summon Guardian Golem    Hex/Summ       0%         N/A       77%         3
 Dispel Undead            Necr           0%         3d6       99%         4
 Summon Ice Beast         Ice/Summ       0%         N/A       99%         4
 Irradiate                Conj/Tmut      0%         3d11      100%        5
 Summon Mana Viper        Hex/Summ       0%         N/A       100%        5
 Death Channel            Necr           0%         N/A       100%        6
 Monstrous Menagerie      Summ           0%         N/A       100%        7
 Orb of Destruction       Conj           0%         9d5       100%        7
 Spellforged Servitor     Conj/Summ      0%         N/A       100%        7


Dungeon Overview and Level Annotations

Branches:
Dungeon (8/15)             Temple (1/1) D:4
   Lair: D:8-11

Altars:
Ashenzari
Cheibriados
Dithmenos
Elyvilon
Fedhas
Hepliaklqana
Kikubaaqudgha
Makhleb
Okawaru
Qazlal
Ru
Sif Muna
Trog
Uskayaw
Vehumet
Wu Jian
Xom
Yredelemnul
Zin
The Shining One

Shops:
D:1 :   D:3 (   D:5 ?   D:6 [

Annotations:
D:8 Grum


Innate Abilities, Weirdness & Mutations

You are a hulking beast.
Your limbs bulge with bestial killing power. (Slay +4)
Your life essence is reduced to manifest your ancestor. (-10% HP)
You cannot wear most types of armour.
You are amphibious.
You can wear up to eight rings at the same time.
Your skin changes colour to match your surroundings (Stealth+).
Your rubbery body absorbs attacks. (AC +1, EV +1)
((You are camouflaged when in or above water. (Stealth+)))
You have tentacles for arms and can constrict up to eight enemies at once.


Message History

You feel sick.
The killer bee attacks as it pursues you!
The killer bee closely misses you. The killer bee barely misses you.
You barely miss the killer bee. Your grab misses the killer bee.
You squeeze the killer bee.
You kill the killer bee!
You feel sick. The wolf misses you.
A wolf comes into view.
You feel better. The wolf bites you. The wolf attacks as it pursues you!
You block the wolf's attack. x2
The wolf closely misses you. The wolf attacks as it pursues you!
You block the wolf's attack.
Grum shouts, "Pluto!
Good boy!"
The wolf attacks as it pursues you! The wolf misses you. The wolf bites you.
The wolf closely misses you. The wolf bites you.
* * * LOW HITPOINT WARNING * * *
You block the wolf's attack. The wolf barely misses you.
You block the wolf's attack. The wolf bites you.
* * * LOW HITPOINT WARNING * * *
The wolf bites you.
* * * LOW HITPOINT WARNING * * *
The wolf attacks as it pursues you! The wolf closely misses you.
Ealamassi emerges from the mists of memory!
The wolf bites Ealamassi.
The wolf closely misses Ealamassi.
Okay, then.
The wolf barely misses Ealamassi.
The wolf bites Ealamassi!
The wolf closely misses Ealamassi.
The wolf bites Ealamassi but does no damage.
Ealamassi hits the wolf but does no damage.
A wight comes into view. It is wielding a +3 battleaxe.
The wolf bites Ealamassi! x2
Ealamassi is destroyed!
A wight comes into view. It is wielding a +5 falchion.
The wolf bites you.
* * * LOW HITPOINT WARNING * * *
The wolf closely misses you. You block the wolf's attack. The wolf bites you!
You die...

##############
........<....#
############h## #
##.#h##
....####.###h###
........## ##hz#
###.####.###รท#.#
.........#hz..#
####.##(....#.#
##.##..z....#
#####...#...#.#.#


You could see 3 wolves and a wight.

Vanquished Creatures
  A water moccasin (D:7)
  An orc warrior (D:7)
  An ice beast (D:7)
  2 sky beasts
  A black bear (D:5)
  A wolf (D:8)
  2 ogres
  3 centaurs
  A phantom (D:4)
  A bullfrog (D:8)
  A gnoll sergeant (D:8)
  5 killer bees (D:8)
  3 jellies
  A howler monkey (D:7)
  4 hounds
  2 orc priests
  A gnoll bouda (D:5)
  2 iguanas
  Terence (D:3)
  3 orc wizards
  5 gnolls
  9 adders
  2 white imps (D:6)
  2 ufetubi (D:7)
  2 worms (D:5)
  3 dart slugs
  20 orcs
  9 endoplasms
  2 giant cockroaches
  7 goblins
  10 hobgoblins
  2 jackals (D:1)
  5 quokkas
  9 ball pythons
  10 bats
  4 frilled lizards
  6 kobolds
  6 rats
150 creatures vanquished.

Vanquished Creatures (collateral kills)
  2 sky beasts (D:7)
  An ice beast (D:7)
  A kobold brigand (D:7)
  A bullfrog (D:7)
  A scorpion (D:7)
  A vampire bat (D:8)
  A hound (D:5)
  An orc priest (D:5)
  A jelly (D:8)
  An orc wizard (D:5)
  5 gnolls
  6 orcs
  2 bats (D:8)
  A kobold (D:7)
25 creatures vanquished.

Vanquished Creatures (others)
  2 ancestors (D:5)
  4 battlemagi
6 creatures vanquished.

Grand Total: 181 creatures vanquished

Notes
Turn   | Place    | Note
-------+----------+-------------------------------------------
     0 | D:1      | LeprechaunX the Octopode Shapeshifter began the quest for
                  | the Orb.
     0 | D:1      | Reached XP level 1. HP: 13/13 MP: 1/1
   180 | D:1      | Reached XP level 2. HP: 18/18 MP: 2/2
   224 | D:1      | Found Welin's Book Shoppe.
   977 | D:2      | Reached XP level 3. HP: 23/23 MP: 3/3
  1130 | D:2      | Reached skill level 1 in Ranged Weapons
  1253 | D:2      | Found a broken altar of Ashenzari.
  1479 | D:2      | Reached XP level 4. HP: 22/29 MP: 4/4
  1687 | D:3      | Found Nualazxeigg's Weapon Shoppe.
  1804 | D:3      | Found a stormy altar of Qazlal.
  1892 | D:3      | Noticed Terence
  1900 | D:3      | Killed Terence
  2043 | D:3      | Reached skill level 4 in Shapeshifting
  2074 | D:3      | Found a shimmering altar of Xom.
  2089 | D:3      | Reached XP level 5. HP: 34/34 MP: 5/5
  2402 | D:3      | Noticed a centaur
  2497 | D:3      | Killed a centaur
  2621 | D:4      | Reached XP level 6. HP: 37/41 MP: 6/6
  2718 | D:4      | Found a staircase to the Ecumenical Temple.
  2727 | Temple   | Entered the Ecumenical Temple
  2732 | Temple   | Became a worshipper of Hepliaklqana the Forgotten
  2769 | D:4      | Found a bloodstained altar of Trog.
  2938 | D:4      | HP: 2/41 [phantom (5)]
  3235 | D:4      | Reached skill level 5 in Shapeshifting
  3723 | D:4      | Reached XP level 7. HP: 35/46 MP: 7/7
  3817 | D:4      | Reached * piety under Hepliaklqana
  4330 | D:5      | Entered Level 5 of the Dungeon
  4364 | D:5      | Found Vuhao's Magic Scroll Emporium.
  4504 | D:5      | Identified the beast talisman of the Camelopard {rPois rC-
                  | rN+ Str+8 Dex-5}
  4552 | D:5      | Reached skill level 1 in Evocations
  4651 | D:5      | Reached skill level 1 in Shields
  4999 | D:5      | Reached XP level 8. HP: 28/47 MP: 8/8
  5245 | D:5      | Found an ornate altar of the Wu Jian Council.
  5295 | D:5      | Bought a scroll of identify for 22 gold pieces
  5649 | D:6      | Reached skill level 6 in Shapeshifting
  5699 | D:6      | Reached ** piety under Hepliaklqana
  5700 | D:6      | Remembered your ancestor Ealamassi as a battlemage
  5814 | D:6      | Found Vuscha Piqemu's Armour Boutique.
  5892 | D:6      | HP: 1/48 [ogre/+0 giant club (38)]
  5897 | D:6      | Reached skill level 5 in Unarmed Combat
  6124 | D:7      | Found a snail-covered altar of Cheibriados.
  6178 | D:7      | Reached XP level 9. HP: 31/53 MP: 9/9
  6626 | D:7      | Identified the staff "Qalyos" {rC+ Dex+3 Stlth+ Conj}
  6979 | D:7      | Reached skill level 7 in Shapeshifting
  7151 | D:8      | Reached skill level 5 in Fighting
  7500 | D:8      | Reached skill level 5 in Ranged Weapons
  7518 | D:8      | Noticed Grum
  7520 | D:8      | HP: 3/81 [killer bee (6)]
  7549 | D:8      | Slain by a wolf

Illustrated notes

Levels and vault maps discovered:
D:1:      dpeg_arrival_another_circle, layout_basic, serial_shops,
          nicolae_shop_back_alley_shop
D:2:      layout_rooms, basic_altar
D:3:      layout_loops_ring, lemuel_doored_altar, amcnicky_altar_gilded,
          serial_shops, nicolae_diamond_shop, uniq_terence
D:4:      minmay_bubble_buster, layout_layer_cave, kennysheep_little_box,
          temple_pool_b, minmay_misc_feat_alley
D:5:      layout_loops_ring, pdpol_wu_jian_five_deadly_venoms, serial_shops,
          nicolae_square_shop
D:6:      layout_loops_ring, serial_shops, shop
D:7:      layout_basic, mainiacjoe_overflow_tiny_flanked, grunt_ministairs_9
D:8:      layout_loops_ring, roderic_batcave, dk_vineyard_2, uniq_grum
Temple:   minmay_freezing_vapour_temple

Skill      XL: |  1  2  3  4  5  6  7  8  9 |
---------------+----------------------------+-----
Ranged Weapons | 1 2 3 4 5 |  5.0
Fighting       | 2 3 4 5 |  5.2
Shapeshifting  | 4 5 6 7 |  7.6
Unarmed Combat | 4 5 6 |  6.0
Evocations     | 1 3 4 |  4.4
Shields        | 1 2 3 |  3.9
Dodging        | |  2.0

Action                     |  1- 3 |  4- 6 |  7- 9 || total
---------------------------+-------+-------+-------++-------
  Melee: Unarmed           |    73 |   102 |   104 ||   279
         Constrict         |    14 |    22 |    27 ||    63
         Tentacles         |     7 |    14 |    26 ||    47
         Punch             |     1 |     3 |     2 ||     6
   Fire: Sling             |       |     3 |    68 ||    71
         Hand cannon       |       |       |    68 ||    68
 Invoke: Ancestor Life: Ba |       |       |     1 ||     1
    Use: Scroll            |       |       |     9 ||     9
         Potion            |       |       |     5 ||     5
   Stab: Sleeping          |     7 |     3 |     3 ||    13
         Distracted        |     1 |       |       ||     1
 Armour: Skin              |    31 |    37 |    60 ||   128
  Dodge: Dodged            |    49 |    50 |    62 ||   161
  Block: Buckler           |       |    24 |    75 ||    99
         Reflection        |       |       |     3 ||     3

Table legend: (Time is in decaauts)
 A = Elapsed time spent in this place.
 B = Non-inter-level travel time spent in this place.
 C = Inter-level travel time spent in this place.
 D = Time resting spent in this place.
 E = Time spent auto-exploring this place.
 F = Levels seen in this place.
 G = Mean time per level.
                   A        B        C        D        E       F      G
               +--------+--------+--------+--------+--------+-----+--------+
         Total |   7592 |   7287 |    305 |    581 |   5598 |   9 |  843.6 |
       Dungeon |   7580 |   7275 |    305 |    581 |   5598 |   8 |  947.5 |
        Temple |     12 |     12 |      0 |      0 |      0 |   1 |   12.0 |
               +--------+--------+--------+--------+--------+-----+--------+

Top non-repeatable levels by time:
     D:4: 1725 daAuts
     D:7: 1136 daAuts
     D:5: 1007 daAuts
     D:1: 951 daAuts
     D:3: 905 daAuts
     D:2: 727 daAuts
     D:6: 684 daAuts
     D:8: 441 daAuts
  Temple: 12 daAuts
